 Dungeon Crawl Stone Soup version 0.30.0-30-g96aa6591b8 (webtiles) character file.

Game seed: 6304461468237895104

755 Chiseanne the Covert (level 7, 0/42 (51) HPs)
             Began as an Octopode Delver on June 28, 2023.
             Slain by a kobold demonologist
             ... wielding a +2 dagger of draining
              (3 damage)
             ... on level 5 of the Dungeon.
             The game lasted 00:05:17 (1279 turns).

Chiseanne the Covert (Octopode Delver)              Turns: 1279, Time: 00:05:18

HP:   0/42 (51)     AC:  1    Str: 11    XL:     7   Next: 79%
MP:   7/7           EV: 15    Int: 13    God:
Gold: 104           SH:  0    Dex: 15    Spells: 6/6 levels left

rFire   . . .        a - +1 dagger (elec)
rCold   . . .        (no shield)
rNeg    . . .        (helmet restricted)
rPois   .            (no amulet)
rElec   .            (no ring)
rCorr   .            (no ring)
SInv    .            (no ring)
Will    .....        (no ring)
Stlth   +++++        (no ring)
HPRegen 0.27/turn    (no ring)
MPRegen 0.10/turn    (no ring)
                     (no ring)

%: no passive effects
@: heavily drained
A: almost no armour, amphibious, 8 rings, camouflage 1, gelatinous body 1,
(nimble swimmer 1), tentacles
a: no special abilities


You were on level 5 of the Dungeon.
You visited 1 branch of the dungeon, and saw 4 of its levels.

You collected 104 gold pieces.

Inventory:

Hand Weapons
 a - a +1 dagger of electrocution (weapon)
 l - a +2 vampiric hand axe
 w - a +0 sling of electrocution
Missiles
 c - 32 stones (quivered)
 i - 5 poisoned darts
 k - 3 boomerangs
 o - a throwing net
Wands
 f - a wand of digging (3)
Scrolls
 b - a scroll of fog
 d - 2 scrolls of fear
 j - 3 scrolls of identify
Potions
 e - a potion of haste
 g - a potion of might
 h - a potion of lignification
 m - a potion of berserk rage {unknown}
 n - a potion of curing {unknown}


   Skills:
 * Level 5.6 Fighting
 - Level 2.0 Short Blades
 * Level 5.1 Dodging
 * Level 9.5 Stealth


You had 6 spell levels left.
You didn't know any spells.
Your spell library was empty.

Dungeon Overview and Level Annotations

Branches:
Dungeon (6/15)
 Temple: D:4-7

Altars:
Qazlal
Sif Muna

Shops:
D:5 [

Annotations:
D:5 exclusion: door, Menkaure, Pikel


Innate Abilities, Weirdness & Mutations

You cannot wear most types of armour.
You are amphibious.
You can wear up to eight rings at the same time.
Your skin changes colour to match your surroundings (Stealth+).
Your rubbery body absorbs attacks. (AC +1, EV +1)
((You are camouflaged when in or above water. (Stealth+)))
You have tentacles for arms and can constrict up to eight enemies at once.


Message History

You feel drained. The shadow imp closely misses you.
You hit the kobold demonologist but do no damage.
The kobold demonologist is severely wounded.
You constrict the kobold demonologist.
The kobold demonologist completely misses you.
The shadow imp grins evilly.
The shadow imp hits you.
You hit the kobold demonologist but do no damage.
The kobold demonologist is severely wounded.
You constrict the kobold demonologist.
The kobold demonologist hits you with a +2 dagger of draining.
You feel drained.
The shadow imp laughs crazily.
The shadow imp closely misses you.
You hit the kobold demonologist.
The kobold demonologist is severely wounded.
You constrict the kobold demonologist.
The kobold demonologist casts a spell.
The shadow imp barely misses you.
You hit the kobold demonologist but do no damage.
The kobold demonologist is severely wounded.
You constrict the kobold demonologist.
The kobold demonologist hits you with a +2 dagger of draining.
You feel drained. The shadow imp hits you.
You barely miss the kobold demonologist.
The kobold demonologist is almost dead.
You constrict the kobold demonologist.
The kobold demonologist hits you with a +2 dagger of draining.
* * * LOW HITPOINT WARNING * * *
You feel drained.
* * * LOW HITPOINT WARNING * * *
The shadow imp closely misses you.
You hit the kobold demonologist but do no damage.
You squeeze the kobold demonologist, but do no damage.
The kobold demonologist is almost dead.
You constrict the kobold demonologist.
The kobold demonologist hits you with a +2 dagger of draining!
* * * LOW HITPOINT WARNING * * *
You feel drained.
You die...

...# #.#.#
#.#
...######.#.#
#.#
._..#.......#
#.#
....#.###.###
#.# #######
#.# #.# ,,,*
#.# #.# ****
#.# #.# *
#.#########.#
*******
#....54K@5..#
,,,,,,*
#############
,,,,,,*
,,,,,,*
******* ***
,,*


You could see a hellwing (summoned), a kobold demonologist, a quasit (summoned)
and a shadow imp (summoned).

Vanquished Creatures
  A black bear (D:5)
  An ogre (D:5)
  A phantom (D:5)
  A kobold brigand (D:6)
  2 scorpions
  A jelly (D:5)
  2 hounds
  2 iguanas (D:5)
  2 sleepcaps
  2 gnolls (D:4)
  3 adders
  A white imp (D:6)
  An ufetubus (D:5)
  A worm (D:4)
  12 orcs
  An endoplasm (D:3)
  10 goblins
  8 hobgoblins (D:4)
  A ball python (D:4)
  11 kobolds
64 creatures vanquished.

Notes
Turn   | Place    | Note
-------+----------+-------------------------------------------
     0 | D:5      | Chiseanne the Octopode Delver began the quest for the Orb.
     0 | D:5      | Reached XP level 1. HP: 16/16 MP: 1/1
    38 | D:5      | Noticed an ogre
    48 | D:5      | Found Bucef's Antique Armour Boutique.
    54 | D:5      | Killed an ogre
    55 | D:5      | Reached skill level 7 in Stealth
    55 | D:5      | Reached XP level 2. HP: 22/22 MP: 2/2
    55 | D:5      | Reached XP level 3. HP: 27/27 MP: 3/3
    55 | D:5      | Reached XP level 4. HP: 33/33 MP: 4/4
    71 | D:5      | Reached XP level 5. HP: 37/37 MP: 5/5
    87 | D:5      | Noticed Menkaure
    92 | D:5      | Found a shimmering blue altar of Sif Muna.
   126 | D:5      | Noticed Pikel
   126 | D:5      | Noticed a lemure
   126 | D:5      | Noticed a lemure
   126 | D:5      | Noticed a lemure
   126 | D:5      | Noticed a lemure
   166 | D:6      | Reached skill level 8 in Stealth
   255 | D:6      | Reached XP level 6. HP: 44/44 MP: 6/6
   451 | D:6      | Noticed a steam dragon
   498 | D:5      | Noticed a kobold demonologist
   552 | D:5      | Reached skill level 5 in Fighting
   629 | D:5      | Found a stormy altar of Qazlal.
   677 | D:5      | Noticed a black bear
   680 | D:5      | Reached XP level 7. HP: 50/50 MP: 7/7
   698 | D:5      | Reached skill level 9 in Stealth
   790 | D:4      | Reached skill level 5 in Dodging
  1271 | D:5      | Noticed a hellwing
  1279 | D:5      | Slain by a kobold demonologist

Illustrated notes

Levels and vault maps discovered:
D:3:      layout_rooms
D:4:      corexii_shantytown, layout_loops_ring, gammafunk_ghost_mausoleum,
          uniq_edmund
D:5:      layout_basic, mainiacjoe_overflow_alcove_1, led_sif_pool,
          serial_shops, shop, corner_web_ring, minmay_misc_feat_tiny,
          grunt_ministairs_11, uniq_menkaure, uniq_pikel
D:6:      layout_basic

Skill      XL: |  1  2  3  4  5  6  7 |
---------------+----------------------+-----
Dodging        | 3 4 5 |  5.1
Stealth        | 7 8 9 |  9.5
Fighting       | 4 5 |  5.6
Short Blades   | |  2.0

Action                     |  1- 3 |  4- 6 |  7- 9 || total
---------------------------+-------+-------+-------++-------
  Melee: Short sword       |     8 |    48 |     2 ||    58
         Tentacles         |     2 |     8 |    21 ||    31
         Constrict         |     1 |     7 |    16 ||    24
         Dagger            |       |       |    77 ||    77
         Punch             |       |       |     1 ||     1
    Use: Scroll            |     1 |       |     3 ||     4
   Stab: Sleeping          |     1 |     7 |    24 ||    32
 Armour: Skin              |       |     1 |     1 ||     2
  Dodge: Dodged            |     8 |    22 |    32 ||    62
